 Dungeon Crawl Stone Soup version 0.30.1-4-g462c640d31 (webtiles) character file.

Game seed: 7205648410716584222

41692 lonewolfV2 the Cleaver (level 13, -24/90 HPs)
             Began as a Demonspawn Fighter on Aug 25, 2023.
             Was an Elder of Makhleb.
             Shot with an arrow by Nessos (26 damage)
             ... on level 12 of the Dungeon.
             The game lasted 00:21:31 (10564 turns).

lonewolfV2 the Cleaver (Demonspawn Fighter)        Turns: 10564, Time: 00:21:32

Health: -24/90     AC: 11    Str: 28    XL:     13   Next: 81%
Magic:  13/13      EV: 20    Int: 10    God:    Makhleb [****..]
Gold:   791        SH:  0    Dex: 23    Spells: 12/12 levels left

rFire   + . .        a - +0 war axe (spect)
rCold   + . .        (no shield)
rNeg    . . .        b - +0 scale mail
rPois   +            x - +1 helmet of Valour {rF+ Str+4 Slay+3}
rElec   .            (no cloak)
rCorr   .            (no gloves)
SInv    .            (no boots)
Will    .....        t - amulet of regeneration
Stlth   ++++++       j - ring of the Tempest {rPois rC+ EV+5 Dex+3}
HPRegen 4.15/turn    n - +6 ring of strength
MPRegen 0.13/turn

%: no passive effects
@: lethally poisoned (-24 -> -24)
A: thin skeletal structure 3, ignite blood 1, powered by death 2, weakness
stinger 1, frail 1, weak 1
a: Renounce Religion, Minor Destruction, Lesser Servant of Makhleb, Major
Destruction


You were on level 12 of the Dungeon.
You worshipped Makhleb.
Makhleb was greatly pleased with you.
You visited 2 branches of the dungeon, and saw 13 of its levels.

You collected 791 gold pieces.

Inventory:

Hand Weapons
 a - a +0 spectral war axe (weapon)
Armour
 b - a +0 scale mail (worn)
 c - a +1 buckler
 x - the +1 helmet of Valour (worn) {rF+ Str+4 Slay+3}
   (You found it on level 5 of the Dungeon)

   Str:       It affects your strength (+4).
   Slay:      It affects your accuracy & damage with ranged weapons and melee
   (+3).
   rF:        It protects you from fire.
 M - a +0 buckler of poison resistance
Jewellery
 j - the ring of the Tempest (left hand) {rPois rC+ EV+5 Dex+3}
   (You acquired it on level 2 of the Dungeon)

   [ring of evasion]

   EV:        It affects your evasion (+5).
   Dex:       It affects your dexterity (+3).
   rC:        It protects you from cold.
   rPois:     It protects you from poison.
 k - a ring of protection from cold
 l - the ring of the Princeling {Wiz rF+ MP+9 Int+3}
   (You acquired it on level 2 of the Dungeon)

   [ring of wizardry]

   It improves your spell success rate.
   Int:       It affects your intelligence (+3).
   rF:        It protects you from fire.
   MP:        It affects your magic capacity (+9).
 n - a +6 ring of strength (right hand)
 t - an amulet of regeneration (around neck)
 G - a ring of resist corrosion
 L - an amulet of the acrobat
Wands
 w - a wand of polymorph (4)
 z - a wand of flame (34)
 B - a wand of iceblast (4)
 D - a wand of mindburst (34)
 H - a wand of paralysis (21)
Scrolls
 i - 2 scrolls of amnesia
 q - 3 scrolls of magic mapping
 r - 2 scrolls of fear
 s - 3 scrolls of teleportation
 u - 2 scrolls of fog
 y - a scroll of poison
 C - 5 scrolls of enchant armour
 N - 2 scrolls of identify
Potions
 d - 2 potions of mutation
 e - 2 potions of magic
 f - 2 potions of heal wounds
 g - 2 potions of cancellation {unknown}
 h - 2 potions of flight
 m - a potion of berserk rage
 o - 3 potions of curing
 p - 2 potions of attraction
 v - 3 potions of brilliance
 A - a potion of invisibility {unknown}
 E - a potion of resistance
 F - a potion of degeneration {unknown}
 I - a potion of might
 J - a potion of lignification {unknown}


   Skills:
 + Level 9.6 Fighting
 + Level 13.0 Axes
 + Level 9.5 Armour
 + Level 6.9 Dodging
 + Level 7.6 Stealth
 + Level 7.5 Shields
 + Level 0.3 Unarmed Combat
 + Level 1.0 Invocations


You had 12 spell levels left.
You didn't know any spells.
Your spell library contained the following spells:

 Spells                   Type           Power      Damage    Failure   Level
 Sandblast                Erth           0%         2d4       58%         1
 Passwall                 Tmut/Erth      0%         N/A       73%         2
 Static Discharge         Conj/Air       0%         2-2/arc   73%         2
 Ozocubu's Armour         Ice            0%         N/A       91%         3
 Stone Arrow              Conj/Erth      0%         3d7       91%         3
 Vhi's Electric Charge    Tloc/Air       0%         N/A       91%         3
 Airstrike                Air            0%         2d(0-16)  100%        4
 Leda's Liquefaction      Hex/Erth       0%         N/A       100%        4
 Summon Lightning Spire   Summ/Air       0%         N/A       100%        4
 Arcjolt                  Conj/Air       0%         1d10      100%        5
 Blade Hands              Tmut           0%         N/A       100%        5
 Irradiate                Conj/Tmut      0%         3d11      100%        5
 Lee's Rapid Deconstruct  Erth           0%         3d4*      100%        5
 Metabolic Englaciation   Hex/Ice        0%         N/A       100%        5
 Simulacrum               Ice/Necr       0%         N/A       100%        6
 Statue Form              Tmut/Erth      0%         N/A       100%        6
 Dragon Form              Tmut           0%         N/A       100%        7
 Maxwell's Capacitive Co  Air            0%         ∞         100%        8


Dungeon Overview and Level Annotations

Branches:
Dungeon (12/15)            Temple (1/1) D:6            Lair (0/5) D:11
    Orc (0/2) D:9

Altars:
Ashenzari
Cheibriados
Dithmenos
Gozag
Hepliaklqana
Kikubaaqudgha
Makhleb
Okawaru
Qazlal
Ru
Trog
Uskayaw
Vehumet
Wu Jian
Xom

Shops:
D:4 :[[!   D:6 :*   D:7 [

Annotations:
D:12 Nessos


Innate Abilities, Weirdness & Mutations

You have an unnaturally thin skeletal structure. (Dex +6, Stealth+++)
Your demonic aura sometimes causes spilled blood to erupt in flames.
You regenerate health from kills.
You have a small tail.
You are frail. (-10% HP)
You are weak. (Str -2)


Message History

* * * LOW HITPOINT WARNING * * *
The arrow burns you.
You are more poisoned.
* * * LOW HITPOINT WARNING * * *
You swap places.
You feel very sick. The yak gores your orange demon!
Nessos shoots an arrow.
The arrow misses you.
Your orange demon stings the yak!
Your orange demon barely misses the yak.
You feel very sick.
Nessos shoots an arrow.
The arrow barely misses you. The yak gores your orange demon.
Nessos shoots an arrow.
The arrow hits you.
* * * LOW HITPOINT WARNING * * *
Your orange demon stings the yak.
The yak dies!
Makhleb accepts your kill.
Your Invocations skill increases to level 1!
You feel very sick.
Your orange demon misses the kobold.
Your orange demon hits the kobold.
The kobold dies!
Makhleb accepts your kill.
You feel sick.
Nessos casts a spell.
Nessos blinks!
Nessos shoots an arrow.
The arrow closely misses you.
The boulder beetle curls into a ball and begins rolling!
Nessos mumbles some strange words.
Nessos blinks!
You feel sick.
Nessos casts a spell.
Nessos blinks!
Nessos mumbles some strange words.
Nessos blinks!
You feel sick.
Nessos shoots an arrow.
The arrow barely misses you.
Nessos shoots an arrow.
The arrow completely misses you.
You feel sick.
Nessos shoots an arrow.
The arrow hits you!!
* * * LOW HITPOINT WARNING * * *
The arrow burns you.
* * * LOW HITPOINT WARNING * * *
Nessos shoots an arrow.
The arrow hits you!!
You die...

#.......(.#..........+ #...
..).[.......###......+ ..#
..........### ...#...+ #
........### ..♣..## .
#..#.##...# #...#P# .
...#####.### #.PP.P##. .<.##
..#.####.Pc.##.P.
#...###..............P# ###
..........##..#.@.#... ....
........###...#...#.$##..P..
.......####......4##....^...
......###.....#...#.†.......
......##......#....†..[.....
.....##......#...B.°........
...........####..§°.§.......
#...........# ###...........
#.#........## ...........#


You could see a boulder beetle (rolling), Nessos (fast, ally target) and a
friendly orange demon (summoned).

Vanquished Creatures
  Gastronok (D:12)
  Fannar (D:10)
  A hydra (D:12)
  2 boulder beetles
  2 two-headed ogres
  Pikel (D:7)
  A deep elf pyromancer (D:12)
  3 cyclopes
  Maurice (D:10)
  5 kobold demonologists (D:12)
  Maggie (D:7)
  A troll (D:10)
  Grinder (D:4)
  A hornet (D:8)
  3 shadows
  A spriggan (D:10)
  4 wyverns
  Sigmund (D:3)
  A vampire (D:12)
  39 yaks
  Eustachio (D:6)
  2 steam dragons
  A basilisk (D:11)
  Menkaure (D:7)
  2 vampire mosquitoes (D:11)
  A warg (D:9)
  2 acid dragons (D:11)
  6 water moccasins
  5 orc warriors
  An ice beast (D:5)
  A sky beast (D:7)
  A black bear (D:6)
  3 ogres
  4 centaurs
  A lemure (D:7)
  3 phantoms
  5 kobold brigands
  4 bullfrogs
  2 gnoll sergeants (D:7)
  3 scorpions
  3 wights (D:10)
  7 killer bees
  4 howler monkeys
  4 electric eels
  3 hounds
  A jelly (D:7)
  8 orc priests
  A sleepcap (D:8)
  Natasha (thrice) (D:3)
  A gnoll bouda (D:7)
  Ijyb (D:3)
  An iguana (D:5)
  7 orc wizards
  9 adders
  13 gnolls (D:7)
  A shadow imp (D:5)
  2 ufetubi
  5 worms
  A dart slug (D:2)
  40 orcs
  4 endoplasms
  3 giant cockroaches
  13 goblins
  3 hobgoblins
  6 jackals (D:4)
  5 quokkas
  7 ball pythons
  7 bats
  3 frilled lizards
  21 kobolds
  5 rats
312 creatures vanquished.

Vanquished Creatures (collateral kills)
  A yak (D:12)
  A kobold (D:12)
2 creatures vanquished.

Vanquished Creatures (others)
  An unseen horror (D:8)
  5 spectral weapons
6 creatures vanquished.

Grand Total: 320 creatures vanquished

Notes
Turn   | Place    | Note
-------+----------+-------------------------------------------
     0 | D:1      | lonewolfV2 the Demonspawn Fighter began the quest for the
                  | Orb.
     0 | D:1      | Reached XP level 1. HP: 18/18 MP: 1/1
   202 | D:1      | Gained mutation: Your demonic aura sometimes causes spilled
                  | blood to erupt in flames. [demonic ancestry]
   202 | D:1      | Reached XP level 2. HP: 23/24 MP: 2/2
   269 | D:1      | Reached skill level 2 in Axes
   705 | D:2      | Found an iron altar of Okawaru.
   718 | D:2      | Identified 2 scrolls of acquirement
   718 | D:2      | Acquired the ring of the Princeling {Wiz rF+ MP+9 Int+3}
   721 | D:2      | Acquired the ring of the Tempest {rPois rC+ EV+5 Dex+3}
   892 | D:2      | Gained mutation: You have a somewhat thin skeletal
                  | structure. (Dex +2, Stealth+) [demonic ancestry]
   892 | D:2      | Reached XP level 3. HP: 28/29 MP: 3/3
  1547 | D:2      | Reached XP level 4. HP: 35/35 MP: 4/4
  1631 | D:3      | Noticed Natasha
  1636 | D:3      | Killed Natasha
  1675 | D:3      | Noticed a phantom
  1689 | D:3      | Killed a phantom
  1690 | D:3      | Reached skill level 3 in Axes
  1690 | D:3      | Reached skill level 1 in Dodging
  1690 | D:3      | Reached XP level 5. HP: 36/42 MP: 5/5
  1732 | D:3      | Noticed Ijyb
  1757 | D:3      | Killed Ijyb
  1777 | D:3      | Noticed an ogre
  1795 | D:3      | Killed an ogre
  1796 | D:3      | Gained mutation: You regenerate a little health from kills.
                  | [demonic ancestry]
  1796 | D:3      | Reached XP level 6. HP: 19/48 MP: 2/6
  2055 | D:3      | Reached skill level 4 in Axes
  2113 | D:3      | Noticed Sigmund
  2115 | D:3      | Noticed Natasha
  2116 | D:3      | Killed Sigmund
  2120 | D:3      | Killed Natasha
  2121 | D:3      | Reached skill level 1 in Stealth
  2196 | D:3      | Noticed Natasha
  2204 | D:3      | Killed Natasha
  2430 | D:4      | Found Itock's Distillery.
  2517 | D:4      | Gained mutation: You have a small tail. [demonic ancestry]
  2517 | D:4      | Reached XP level 7. HP: 54/54 MP: 7/7
  2540 | D:4      | Found Vetato's Armour Emporium.
  2817 | D:4      | Reached skill level 5 in Axes
  2883 | D:4      | Found Fanecag's Antique Armour Emporium.
  2894 | D:4      | Found Ytatiets's Book Emporium.
  2919 | D:4      | Noticed Grinder
  2931 | D:4      | Paralysed by Grinder for 3 turns
  2943 | D:4      | Killed Grinder
  3543 | D:5      | Entered Level 5 of the Dungeon
  3555 | D:5      | Reached skill level 6 in Axes
  3555 | D:5      | Gained mutation: You have a moderately thin skeletal
                  | structure. (Dex +4, Stealth++) [demonic ancestry]
  3555 | D:5      | Reached XP level 8. HP: 59/61 MP: 8/8
  3842 | D:5      | Identified the +1 helmet of Valour {rF+ Str+4 Slay+3}
  4674 | D:6      | Found Keby's General Store.
  4749 | D:6      | Reached skill level 5 in Fighting
  4749 | D:6      | Reached skill level 5 in Armour
  4845 | D:6      | Found Palu Kys's Vocational Training.
  4941 | D:6      | Reached skill level 7 in Axes
  4951 | D:6      | Noticed Eustachio
  4963 | D:6      | Killed Eustachio
  5062 | D:6      | Found a staircase to the Ecumenical Temple.
  5480 | Temple   | Entered the Ecumenical Temple
  5577 | Temple   | Became a worshipper of Makhleb the Destroyer
  5612 | D:7      | Found Fianaq's Antique Armour Shop.
  5623 | D:7      | Gained mutation: You have an unnaturally thin skeletal
                  | structure. (Dex +6, Stealth+++) [demonic ancestry]
  5623 | D:7      | Reached XP level 9. HP: 68/68 MP: 9/9
  5632 | D:7      | Noticed Menkaure
  5644 | D:7      | Killed Menkaure
  5651 | D:7      | Noticed Maggie
  5661 | D:7      | Killed Maggie
  5662 | D:7      | Reached skill level 8 in Axes
  5716 | D:7      | Found an opulent altar of Gozag.
  5718 | D:7      | Found a radiant altar of Vehumet.
  5718 | D:7      | Found a hide-covered altar of Uskayaw.
  5719 | D:7      | Found an iron altar of Okawaru.
  5721 | D:7      | Found a broken altar of Ashenzari.
  5729 | D:7      | Found a snail-covered altar of Cheibriados.
  5764 | D:7      | Noticed Pikel
  5772 | D:7      | Reached * piety under Makhleb
  5773 | D:7      | Killed Pikel
  6301 | D:8      | Reached XP level 10. HP: 76/76 MP: 10/10
  6413 | D:8      | Found a flagged portal.
  6452 | D:8      | Reached skill level 9 in Axes
  7190 | D:9      | Reached ** piety under Makhleb
  7339 | D:9      | Reached skill level 5 in Shields
  7489 | D:9      | Found a staircase to the Orcish Mines.
  7595 | D:9      | Reached skill level 10 in Axes
  7598 | D:9      | Reached skill level 5 in Stealth
  7600 | D:9      | Gained mutation: You regenerate health from kills. [demonic
                  | ancestry]
  7600 | D:9      | Reached XP level 11. HP: 63/83 MP: 11/11
  8225 | D:10     | Entered Level 10 of the Dungeon
  8241 | D:10     | Reached skill level 5 in Dodging
  8241 | D:10     | Reached XP level 12. HP: 92/92 MP: 12/12
  8242 | D:10     | Reached skill level 11 in Axes
  8242 | D:10     | Reached XP level 13. HP: 99/99 MP: 13/13
  9213 | D:10     | Reached *** piety under Makhleb
  9232 | D:10     | Noticed Fannar
  9252 | D:10     | Killed Fannar
  9374 | D:10     | Noticed Maurice
  9390 | D:10     | Killed Maurice
  9672 | D:11     | Reached skill level 12 in Axes
  9729 | D:11     | Found a staircase to the Lair.
  9794 | D:11     | Reached **** piety under Makhleb
 10380 | D:12     | Noticed Gastronok
 10392 | D:12     | Gained mutation: You are weak. (Str -2) [a neqoxec]
 10412 | D:12     | Killed Gastronok
 10543 | D:12     | Noticed Nessos
 10549 | D:12     | Gained mutation: You are frail. (-10% HP) [a neqoxec]
 10553 | D:12     | Reached skill level 13 in Axes
 10560 | D:12     | Reached skill level 1 in Invocations
 10564 | D:12     | HP: 4/90 [Nessos/arrow (25)]
 10564 | D:12     | Shot with an arrow by Nessos

Illustrated notes

Levels and vault maps discovered:
D:1:      shiori_shiawase, layout_basic, moated_statue
D:2:      layout_basic, basic_altar, hangedman_decor_opposing
D:3:      layout_loops_cross, uniq_sigmund, uniq_natasha, uniq_ijyb
D:4:      layout_loops_corners, serial_shops, shop, nicolae_square_shop, shop,
          shop, chequers_arboretum, kennysheep_generic_room_15, uniq_grinder
D:5:      layout_loops_corners
D:6:      layout_basic, minmay_temple_entry_metal_lava, serial_curves,
          eino_curves_03, eino_curves_01, serial_shops, nicolae_lakefront_shop,
          nicolae_shop_vocational, uniq_eustachio
D:7:      layout_cave_pools, grunt_temple_overflow_open, st_stairs_6,
          nicolae_stop_n_shop_1, uniq_menkaure, uniq_maggie, uniq_pikel
D:8:      layout_basic, enter_bailey_5, kennysheep_path_1
D:9:      layout_layer_cave, erik_orc_3, kennysheep_generic_room_10
D:10:     layout_basic, the_hattery, uniq_maurice, uniq_fannar
D:11:     layout_rooms, minmay_lair_entry_grove
D:12:     kennysheep_kobold_lugonu_temple, layout_cave_pools,
          portal_ice_cave_entry_ice_simulacra, minivault_22, grunt_ministairs_7,
          uniq_nessos, uniq_gastronok
Temple:   eino_temple_scatter_basement

Skill      XL: |  1  2  3  4  5  6  7  8  9 10 11 12 13 |
---------------+----------------------------------------+-----
Axes           | 2 3 4 6 7 8 10 11 13 | 13.0
Armour         | 3 4 5 6 7 8 9 |  9.5
Dodging        | 1 2 3 4 5 6 |  6.9
Shields        | 3 4 5 6 7 |  7.5
Fighting       | 4 5 6 7 8 9 |  9.6
Stealth        | 1 2 4 5 6 7 |  7.6
Invocations    | 1 |  1.0
Unarmed Combat | |  0.3

Action                     |  1- 3 |  4- 6 |  7- 9 | 10-12 | 13-15 || total
---------------------------+-------+-------+-------+-------+-------++-------
  Melee: War axe           |    96 |    57 |   197 |    54 |   169 ||   573
         Unarmed           |       |     4 |       |       |       ||     4
         Tailslap          |       |       |    29 |     5 |    42 ||    76
         Punch             |       |       |       |       |     1 ||     1
  Throw: Throwing net      |       |       |       |       |     1 ||     1
 Invoke: Lesser Servant of |       |       |       |       |     3 ||     3
    Use: Scroll            |     4 |     8 |     1 |    10 |     4 ||    27
         Potion            |       |     1 |       |     5 |     1 ||     7
   Stab: Sleeping          |       |     2 |     9 |       |     2 ||    13
         Distracted        |       |       |       |     2 |     8 ||    10
 Armour: Scale mail        |    39 |     7 |    42 |    21 |    31 ||   140
         Skin              |       |     6 |       |       |       ||     6
  Dodge: Dodged            |    93 |    65 |   131 |    59 |   138 ||   486
  Block: Buckler           |    30 |    21 |    60 |    26 |    64 ||   201
